 Dungeon Crawl Stone Soup version 0.19-a0-1886-gd64a0f0 (webtiles) character file.

57711 Amnesiac the Bludgeoner (level 14, 0/149 HPs)
             Began as an Ogre Wizard on Oct 16, 2016.
             Was the Champion of Okawaru.
             Slain by an orc knight
             ... wielding a +1 battleaxe of flaming
              (1 damage)
             ... on level 2 of the Orcish Mines.
             The game lasted 00:51:20 (27900 turns).

Amnesiac the Bludgeoner (Ogre Wizard)              Turns: 27900, Time: 00:51:21

Health: 0/149      AC: 16    Str: 15    XL:     14   Next: 87%
Magic:  20/20      EV: 17    Int: 17    God:    Okawaru [******]
Gold:   1697       SH: 16    Dex: 17    Spells: 9 memorised, 3 levels left

rFire  + . .     SeeInvis .     N - +2 demon whip
rCold  + . .     Gourm    .     F - +2 robe {MR+}
rNeg   . . .     Faith    +     S - +5 shield {rC+ rF+}
rPois  .         Spirit   .     p - +2 hat
rElec  +         Dismiss  .     P - +2 cloak {MR+}
rCorr  .         Reflect  .     (gloves unavailable)
MR     +++..     Harm     .     (boots unavailable)
Stlth  ++........               C - amulet of faith
                                m - +5 ring of dexterity
                                l - +4 ring of protection

@: no status effects
A: unfitting armour, slimy green scales 1, electricity resistance, tough skin 1,
subdued magic 1, MP-powered wands
a: Heroism, Finesse, Renounce Religion


You were on level 2 of the Orcish Mines.
You worshipped Okawaru.
Okawaru was exalted by your worship.
You were not hungry.

You visited 3 branches of the dungeon, and saw 20 of its levels.
You also visited: Ossuary.

You collected 1937 gold pieces.
You spent 240 gold pieces at shops.

Inventory:

Hand Weapons
 A - a +0 eveningstar of holy wrath
 N - a +2 demon whip (weapon)
 Q - a +0 blowgun
Missiles
 h - 25 large rocks (quivered)
 y - a javelin of returning
 J - 13 needles of sleeping
 K - 2 throwing nets
 T - 12 curare-tipped needles
 U - 6 silver javelins
 W - 6 needles of frenzy
Armour
 p - a +2 hat (worn)
 F - a +2 robe of magic resistance (worn)
 P - a +2 cloak of magic resistance (worn)
 S - a +5 shield of resistance (worn)
Jewellery
 l - a +4 ring of protection (left hand)
 m - a +5 ring of dexterity (right hand)
 C - an amulet of faith (around neck)
Wands
 e - a wand of digging (12/24)
 H - a wand of disintegration (20/24)
 L - a wand of teleportation (5/9)
Scrolls
 a - a scroll of recharging
 g - 4 scrolls of identify
 k - 7 scrolls of teleportation
 q - 3 scrolls of fog
 t - a scroll of blinking
 v - 12 scrolls of remove curse
 O - a scroll of amnesia
 R - a scroll of enchant armour
Potions
 b - 4 potions of cure mutation
 n - 6 potions of curing
 r - 3 potions of magic
 s - 4 potions of haste
 u - 3 potions of heal wounds
 w - 6 potions of flight
 x - a potion of invisibility
 D - a potion of cancellation
 I - 2 potions of brilliance
 M - 3 potions of agility
 V - a potion of berserk rage
 X - 2 potions of might
 Y - 2 potions of ambrosia
Comestibles
 c - 10 chunks of flesh
 d - 16 bread rations
 i - 4 beef jerkies
 j - 7 meat rations
 o - 31 fruits
 E - 4 slices of pizza
 Z - a royal jelly


   Skills:
 - Level 12.0 Fighting
 + Level 15.8 Maces & Flails
 - Level 12.0 Throwing
 - Level 10.1 Dodging
 - Level 1.4 Stealth
 - Level 9.0 Shields
 - Level 4.0 Spellcasting
 - Level 2.0 Conjurations
 - Level 3.0 Charms
 - Level 1.1 Summonings
 - Level 3.0 Necromancy
 - Level 1.1 Translocations
 - Level 1.2 Fire Magic
 - Level 1.1 Air Magic
 - Level 1.6 Poison Magic


You had 3 spell levels left.
You knew the following spells:

 Your Spells              Type           Power        Failure   Level  Hunger
a - Repel Missiles        Chrm/Air       #.....       10%         2    ##.....
b - Blink                 Tloc           N/A          14%         2    ##.....
c - Summon Butterflies    Summ           #.......     10%         1    None
d - Call Imp              Summ           #.......     14%         2    ##.....
e - Mephitic Cloud        Conj/Pois/Air  #.......     21%         3    ###....
f - Animate Skeleton      Necr           N/A          3%          1    None
g - Apportation           Tloc           #.........   10%         1    None
r - Regeneration          Chrm/Necr      ##........   12%         3    ###....
s - Conjure Flame         Conj/Fire      #.......     21%         3    ###....


Dungeon Overview and Level Annotations

Branches:
Dungeon (12/15)            Temple (0/1) D:5            Lair (6/6) D:10
 Shoals (0/4) Lair:3       Spider (0/4) Lair:2        Slime (0/5) Lair:5
    Orc (2/2) D:12            Elf (0/3) Orc:2

Altars:
Ashenzari
Cheibriados
Elyvilon
Fedhas
Gozag
Makhleb
Nemelex Xobeh
Okawaru
Qazlal
Ru
Sif Muna
Trog
Uskayaw
Xom
Yredelemnul
Zin
Jiyva

Shops:
D:5 (   D:9 *   Orc:2 *[

Portals:
Hell: Lair:6


Innate Abilities, Weirdness & Mutations

You are too large for most types of armour.
You have tough skin. (AC +1)
You are partially covered in slimy green scales. (AC +2)
You are resistant to electric shocks. (rElec)
Your spells are a little easier to cast, but a little less powerful.
You expend magic power (3 MP) to strengthen your wands.


Message History

The javelin of penetration pierces through the orc knight but does no damage.
The orc knight is severely wounded.
The javelin of penetration pierces through the orc warrior!
The orc warrior is heavily wounded.
Throwing (i - inventory. (,) - cycle):
h - 26 large rocks (quivered)
Press: ? - help, Shift-Dir - straight line, f/p - orc warrior
Aim: an orc warrior, wielding a trident and wearing a plate armour (heavily wounded, unusually strong)
You throw a large rock. The large rock hits the orc warrior!!
You kill the orc warrior!
Okawaru accepts your kill. Something appears at your feet!
Okawaru grants you a gift!
The orc knight hits you with a battleaxe of flaming!!
* * * LOW HITPOINT WARNING * * *
The orc knight burns you.
* * * LOW HITPOINT WARNING * * *
The orc knight hits you with a battleaxe of flaming!!
* * * LOW HITPOINT WARNING * * *
The orc knight burns you.
You die...

##..#.### ..≈ #...### .≈
##))### ≈ #....## ..
#.....#### .# ##....#..##
..# #....#.......## ..#
##............### ...#
###..........@o####..##..
#.............(.........
#...............)........
#.................)(.(...#
.#....................(...
.........#............(..
.............#.........
...#..........##...
..#........... .(.


You could see an orc knight.

Vanquished Creatures
  2 dire elephants (Lair:6)
  2 hydras
  A hell beast (Lair:6)
  2 catoblepae
  4 orc high priests
  Sonja (D:12)
  A wizard (Lair:6)
  4 hill giants
  4 orc knights (Orc:2)
  4 orc sorcerers
  An orb spider (Lair:2)
  2 cyclopes (D:12)
  An oklob plant (Lair:1)
  A manticore (D:12)
  3 elephants (Lair:6)
  Maurice (D:9)
  2 black mambas
  A gargoyle (D:11)
  8 spiny frogs
  4 orange demons (Lair:6)
  2 rime drakes
  4 komodo dragons
  A hellwing (Lair:6)
  3 ice devils (Lair:6)
  A red devil (Lair:6)
  3 meliai (D:12)
  4 trolls
  A polar bear (Lair:2)
  2 hornets
  21 blink frogs
  9 hippogriffs
  8 slime creatures (D:12)
  A spriggan (D:7)
  A water elemental (D:12)
  29 yaks
  Eustachio (D:6)
  4 wyverns
  7 basilisks
  A hungry ghost (D:10)
  2 vampire mosquitoes (D:12)
  2 mottled dragons (D:12)
  4 wargs (Orc:2)
  Menkaure (D:6)
  3 hell hounds
  Duvessa (D:4)
  19 water moccasins
  6 porcupines
  5 ice beasts
  A black bear (D:6)
  2 phantoms
  An eye of draining (D:12)
  25 orc warriors
  12 ogres
  3 necrophages
  20 wolves
  14 crocodiles
  7 centaurs
  A big kobold (D:8)
  Blork the orc (D:6)
  24 bullfrogs
  3 elf skeletons (D:4)
  6 earth elementals (D:12)
  A gnoll sergeant (Orc:2)
  2 scorpions (D:8)
  4 wyvern skeletons
  Dowan (D:4)
  22 wights
  10 killer bees
  A vampire bat (D:5)
  4 howler monkeys
  3 electric eels (D:12)
  2 crimson imps
  A bullfrog zombie (D:6)
  9 hounds
  2 quasits
  A human zombie (D:4)
  2 jellies
  Crazy Yiuf (D:6)
  A bullfrog skeleton (D:5)
  A centaur zombie (Ossuary)
  15 orc priests
  2 human skeletons (D:4)
  7 iguanas
  6 worker ants
  23 orc wizards
  A big kobold zombie (Ossuary)
  A hound zombie (D:8)
  A mummy (Ossuary)
  A worker ant zombie (D:9)
  3 gnolls (D:8)
  10 adders
  3 shadow imps
  2 oozes
  3 adder skeletons
  2 adder zombies (Ossuary)
  5 worms
  2 dart slugs
  3 fire bats (D:5)
  5 leopard geckos
  68 orcs
  2 spectral bats (D:5)
  A ball python (D:5)
  25 bats
  3 bat skeletons (D:5)
  A bat zombie (D:5)
  3 giant cockroaches
  13 goblins
  9 hobgoblins
  7 jackals
  10 kobolds
  7 quokkas
  A bat simulacrum (D:5)
  4 frilled lizards
  10 hobgoblin zombies (Ossuary)
  2 jackal zombies (Ossuary)
  6 kobold zombies (Ossuary)
  A leopard gecko skeleton (D:5)
  10 orc zombies (Ossuary)
  A quokka skeleton (D:5)
  6 rats
  4 rat zombies (Ossuary)
  A bush (Lair:6)
  A plant (Lair:6)
674 creatures vanquished.

Vanquished Creatures (collateral kills)
  An ugly thing (D:11)
  A mummy (Ossuary)
  3 adders
  A worm (D:3)
  An orc (D:3)
  A rat (D:3)
8 creatures vanquished.

Vanquished Creatures (others)
  A jelly (D:11)
  29 fungi
  3 plants
33 creatures vanquished.

Grand Total: 715 creatures vanquished

Notes
Turn   | Place    | Note
-------+----------+-------------------------------------------
     0 | D:1      | Amnesiac the Ogre Wizard began the quest for the Orb.
     0 | D:1      | Reached XP level 1. HP: 16/16 MP: 5/5
   263 | D:1      | Reached XP level 2. HP: 18/24 MP: 0/7
   267 | D:1      | Learned a level 2 spell: Call Imp
   337 | D:1      | Reached skill level 1 in Conjurations
   516 | D:2      | Reached skill level 1 in Summonings
   985 | D:2      | Reached skill level 1 in Maces & Flails
   985 | D:2      | Reached XP level 3. HP: 28/32 MP: 1/8
  1174 | D:3      | Reached skill level 1 in Fighting
  1480 | D:3      | Reached skill level 2 in Maces & Flails
  1530 | D:3      | Found a burning altar of Makhleb.
  1537 | D:3      | Found a stormy altar of Qazlal.
  1537 | D:3      | Found a shattered altar of Ashenzari.
  1547 | D:3      | Found an iron altar of Okawaru.
  1550 | D:3      | Found a white marble altar of Elyvilon.
  1604 | D:3      | Became a worshipper of Warmaster Okawaru
  1621 | D:3      | Learned a level 3 spell: Mephitic Cloud
  1680 | D:3      | Learned a level 3 spell: Conjure Flame
  1825 | D:1      | Reached XP level 4. HP: 18/42 MP: 0/10
  2868 | D:2      | Found a hide-covered altar of Uskayaw.
  3287 | D:2      | Found a deep blue altar of Sif Muna.
  3404 | D:2      | Reached XP level 5. HP: 49/49 MP: 4/11
  3493 | D:3      | Reached skill level 1 in Air Magic
  3684 | D:3      | Reached skill level 1 in Throwing
  4152 | D:4      | Noticed Duvessa
  4152 | D:4      | Noticed Dowan
  4218 | D:4      | Reached XP level 6. HP: 57/57 MP: 6/12
  4261 | D:4      | Found a sand-covered staircase.
  4325 | D:4      | Reached * piety under Okawaru
  4325 | D:4      | Reached XP level 7. HP: 65/65 MP: 2/13
  4329 | Ossuary  | Entered an ossuary
  4367 | Ossuary  | Reached skill level 5 in Throwing
  4583 | Ossuary  | Reached skill level 3 in Maces & Flails
  4944 | D:4      | Reached skill level 4 in Maces & Flails
  5489 | D:4      | Killed Dowan
  5489 | D:4      | Reached skill level 5 in Maces & Flails
  5507 | D:4      | Killed Duvessa
  5507 | D:4      | Reached ** piety under Okawaru
  5507 | D:4      | Reached XP level 8. HP: 58/78 MP: 7/14
  5597 | D:4      | Found a sparkling altar of Nemelex Xobeh.
  5724 | D:4      | Found an opulent altar of Gozag.
  6080 | D:5      | Entered Level 5 of the Dungeon
  6135 | D:4      | Reached skill level 6 in Maces & Flails
  6335 | D:5      | Found a staircase to the Ecumenical Temple.
  6475 | D:5      | Learned a level 2 spell: Repel Missiles
  6478 | D:5      | Learned a level 2 spell: Blink
  6483 | D:5      | Reached skill level 5 in Fighting
  6483 | D:5      | Reached skill level 7 in Maces & Flails
  6940 | D:5      | Found a faded altar of an unknown god.
  6940 | D:5      | Found a faded altar of an unknown god.
  6946 | D:5      | Found a faded altar of an unknown god.
  6948 | D:5      | Found a faded altar of an unknown god.
  6949 | D:5      | Found a bloodstained altar of Trog.
  7031 | D:5      | Reached skill level 8 in Maces & Flails
  7768 | D:5      | Found Wurpheq's Antique Weapon Shop.
  7910 | D:6      | Noticed Eustachio
  7928 | D:6      | Killed Eustachio
  7928 | D:6      | Reached *** piety under Okawaru
  8020 | D:5      | Bought a demon whip for 240 gold pieces
  8084 | D:5      | Reached XP level 9. HP: 81/96 MP: 15/15
  8232 | D:6      | Found a basalt altar of Yredelemnul.
  8292 | D:6      | Reached skill level 9 in Maces & Flails
  8375 | D:6      | Noticed Blork the orc
  8391 | D:6      | Killed Blork the orc
  8478 | D:6      | Found a runed door.
  8519 | D:6      | Noticed Menkaure
  8526 | D:6      | Killed Menkaure
  8526 | D:6      | Reached skill level 10 in Maces & Flails
  8570 | D:6      | Received a gift from Okawaru
  8660 | D:6      | Reached skill level 11 in Maces & Flails
  8992 | D:6      | Reached **** piety under Okawaru
  9125 | D:6      | Found a snail-covered altar of Cheibriados.
  9278 | D:6      | Noticed Crazy Yiuf
  9291 | D:6      | Killed Crazy Yiuf
  9381 | D:7      | Reached skill level 12 in Maces & Flails
  9792 | D:7      | Reached XP level 10. HP: 106/109 MP: 16/16
  9809 | D:7      | Reached skill level 10 in Fighting
  9967 | D:7      | Found a blossoming altar of Fedhas.
 10346 | D:8      | Received a gift from Okawaru
 10772 | D:8      | Found a sacrificial altar of Ru.
 10864 | D:8      | Reached ***** piety under Okawaru
 10911 | D:8      | Found a shimmering altar of Xom.
 10913 | D:8      | Found a radiant altar of Vehumet.
 10913 | D:8      | Found a glowing silver altar of Zin.
 10915 | D:8      | Found a deep blue altar of Sif Muna.
 10915 | D:8      | Found a blossoming altar of Fedhas.
 10915 | D:8      | Found a hide-covered altar of Uskayaw.
 10959 | D:8      | Learned a level 1 spell: Summon Butterflies
 10961 | D:8      | Learned a level 1 spell: Apportation
 11271 | D:9      | Found Zin's Purification Station.
 11274 | D:9      | Found a glowing silver altar of Zin.
 11331 | D:9      | Noticed Maurice
 11349 | D:9      | Killed Maurice
 11746 | D:9      | Received a gift from Okawaru
 12009 | D:10     | Entered Level 10 of the Dungeon
 12065 | D:10     | Reached skill level 1 in Shields
 12292 | D:10     | Reached XP level 11. HP: 123/123 MP: 17/17
 12505 | D:10     | Found a staircase to the Lair.
 12742 | D:10     | Noticed a hill giant
 12757 | D:10     | Killed a hill giant
 12950 | Lair:1   | Entered Level 1 of the Lair of Beasts
 12992 | Lair:1   | Reached skill level 5 in Shields
 13229 | Lair:1   | Found a bloodstained altar of Trog.
 13229 | Lair:1   | Noticed an oklob plant
 13235 | Lair:1   | Killed an oklob plant
 13562 | Lair:1   | Noticed a five-headed hydra
 13600 | Lair:1   | Killed a five-headed hydra
 14418 | Lair:2   | Reached ****** piety under Okawaru
 14418 | Lair:2   | Received a gift from Okawaru
 15189 | Lair:2   | Found a hole to the Spider Nest.
 15189 | Lair:2   | Noticed an orb spider
 15192 | Lair:2   | Killed an orb spider
 15192 | Lair:2   | Received a gift from Okawaru
 15803 | Lair:3   | Received a gift from Okawaru
 15803 | Lair:3   | Reached XP level 12. HP: 132/132 MP: 14/18
 15972 | Lair:3   | Found a staircase to the Shoals.
 15989 | Lair:3   | Received a gift from Okawaru
 16033 | Lair:3   | Reached skill level 5 in Dodging
 17650 | Lair:4   | Received a gift from Okawaru
 17733 | Lair:4   | Found a shimmering altar of Xom.
 18049 | Lair:4   | Received a gift from Okawaru
 18585 | Lair:5   | Learned a level 3 spell: Regeneration
 18587 | Lair:5   | Learned a level 1 spell: Animate Skeleton
 18612 | Lair:5   | Found a viscous altar of Jiyva.
 18612 | Lair:5   | Found a staircase to the Slime Pits.
 18775 | Lair:5   | Reached XP level 13. HP: 87/140 MP: 19/19
 19052 | Lair:5   | Reached skill level 10 in Dodging
 19118 | Lair:5   | Received a gift from Okawaru
 19672 | Lair:6   | Entered Level 6 of the Lair of Beasts
 19710 | Lair:6   | Reached skill level 1 in Necromancy
 20287 | Lair:6   | Received a gift from Okawaru
 20371 | Lair:6   | Reached skill level 1 in Charms
 20493 | Lair:6   | Received a gift from Okawaru
 21066 | Lair:6   | Noticed a dire elephant
 21094 | Lair:6   | Killed a dire elephant
 21094 | Lair:6   | Reached skill level 1 in Translocations
 21094 | Lair:6   | Reached skill level 1 in Fire Magic
 21159 | Lair:6   | Received a gift from Okawaru
 21159 | Lair:6   | Reached skill level 1 in Poison Magic
 21321 | Lair:6   | Noticed a dire elephant
 21350 | Lair:6   | Killed a dire elephant
 21488 | Lair:6   | Received a gift from Okawaru
 21554 | Lair:6   | Found a burning altar of Makhleb.
 21649 | Lair:6   | Reached skill level 10 in Throwing
 22157 | Lair:6   | Found a gateway to Hell.
 22676 | D:11     | Reached XP level 14. HP: 139/149 MP: 20/20
 23017 | D:11     | Found a sparkling altar of Nemelex Xobeh.
 23837 | D:12     | Noticed Sonja
 23846 | D:12     | Killed Sonja
 23846 | D:12     | Received a gift from Okawaru
 24409 | D:12     | Reached skill level 13 in Maces & Flails
 24864 | D:12     | Received a gift from Okawaru
 25568 | D:12     | Found a staircase to the Orcish Mines.
 25726 | Orc:1    | Entered Level 1 of the Orcish Mines
 25745 | D:12     | Received a gift from Okawaru
 25745 | D:12     | Reached skill level 14 in Maces & Flails
 26099 | Orc:2    | Entered Level 2 of the Orcish Mines
 26099 | Orc:2    | Found a staircase to the Elven Halls.
 26129 | Orc:2    | Found Kaeturr's General Store.
 26202 | Orc:2    | Received a gift from Okawaru
 26335 | Orc:2    | Gained mutation: You are resistant to electric shocks. (rElec) [potion of mutation]
 26335 | Orc:2    | Gained mutation: You are frail. (-10% HP) [potion of mutation]
 26335 | Orc:2    | Gained mutation: You are partially covered in slimy green scales. (AC +2) [potion of mutation]
 26336 | Orc:2    | Gained mutation: Your spells are a little easier to cast, but a little less powerful. [potion of mutation]
 26336 | Orc:2    | Lost mutation: You are frail. (-10% HP) [potion of mutation]
 26336 | Orc:2    | Gained mutation: You expend magic power (3 MP) to strengthen your wands. [potion of mutation]
 26481 | Orc:2    | Found Zuvy's Antique Armour Boutique.
 27003 | Orc:2    | Noticed an orc warlord
 27052 | Orc:2    | Received a gift from Okawaru
 27052 | Orc:2    | Reached skill level 15 in Maces & Flails
 27549 | Orc:2    | Received a gift from Okawaru
 27900 | Orc:2    | Received a gift from Okawaru
 27900 | Orc:2    | HP: 1/149 [orc knight/battleaxe of flaming (26)]
 27900 | Orc:2    | Slain by an orc knight

Vault maps used:
D:1:      arrival_zaba_pyramid
D:2:      eat_drink_and_be_merry_uskayaw, led_sif_pool
D:3:      minmay_overflow_temple_star_hex
D:4:      minmay_door_path, grunt_gozag_breadcrumbs,
          nemelex_xobeh_ov_fountains_minmay, nicolae_ossuary_entry_catacombs,
          uniq_duvessa
D:5:      chequers_temple_overflow_minitemple, serial_corexii_hall,
          corexii_hall_statues_t, corexii_hall_statues_x, serial_shops,
          nicolae_shop_behind_doors, first_bread, goddamned_bats
D:6:      yredelemnul_altar_generic, cheibrodos_worm_habitat, uniq_menkaure,
          uniq_eustachio, uniq_blork_the_orc, uniq_crazy_yiuf_cottage
D:7:      the_bakery, fedhas_altar_fruit_tree
D:8:      doesnt_xom_only_xom, basic_altar, minmay_misc_feat_plants
D:9:      zin_purify, minmay_lizard_king, uniq_maurice
D:10:     minmay_lair_entry_lava
D:11:     basic_altar
D:12:     minmay_connected_triangles_in_corner, erik_orc_2, serial_glass,
          glass_columns_a, glass_columns_a, hangedman_decor_slide_cut,
          hangedman_cracks_in_the_wall, uniq_sonja
Lair:1:   st_stairs_3, lemuel_oklob_altar, grunt_megastairs_1
Lair:2:   nicolae_spider_entry_orb_guardian, hangedman_lair_unloving_vines
Lair:3:   minmay_shoals_entry_centaurs
Lair:4:   basic_altar
Lair:5:   dpeg_slime_entry_enclosed_altar, grunt_megastairs_4
Lair:6:   evil_forest
Orc:2:    grunt_orc_gardens, grunt_orc_garden, grunt_orc_garden,
          grunt_orc_garden, grunt_orc_garden, serial_shops, shop,
          nicolae_orc_pool_cavern, nicolae_orc_crystal_geode
Ossuary:  ossuary_tomb_1

Skill      XL: |  1  2  3  4  5  6  7  8  9 10 11 12 13 14 |
---------------+-------------------------------------------+-----
Spellcasting   | 4 |  4.0
Conjurations   | 1 2 |  2.0
Summonings     | 1 |  1.1
Maces & Flails | 1 2 5 8 12 15 | 15.8
Fighting       | 2 4 8 9 12 | 12.0
Air Magic      | 1 |  1.1
Throwing       | 3 4 5 8 10 12 | 12.0
Shields        | 1 9 |  9.0
Dodging        | 2 9 10 | 10.1
Necromancy     | 3 |  3.0
Charms         | 3 |  3.0
Translocations | 1 |  1.1
Fire Magic     | 1 |  1.2
Poison Magic   | 1 |  1.6
Stealth        | |  1.4

Action                   |  1- 3 |  4- 6 |  7- 9 | 10-12 | 13-15 || total
-------------------------+-------+-------+-------+-------+-------++-------
Melee: Unarmed           |    11 |       |       |       |       ||    11
       Club              |    58 |     7 |       |       |       ||    65
       Morningstar       |       |    18 |   363 |       |       ||   381
       Demon whip        |       |       |   200 |  1156 |  1478 ||  2834
       Eveningstar       |       |       |       |       |    63 ||    63
Throw: Large rock        |       |     3 |    12 |    24 |    26 ||    65
       Javelin           |       |       |       |     2 |   160 ||   162
 Cast: Magic Dart        |    54 |   119 |    34 |       |       ||   207
       Call Imp          |    12 |     3 |     2 |       |       ||    17
       Conjure Flame     |       |     6 |     3 |     9 |     9 ||    27
       Mephitic Cloud    |       |       |     8 |     2 |     1 ||    11
       Repel Missiles    |       |       |     1 |     1 |       ||     2
       Blink             |       |       |       |       |     2 ||     2
       Regeneration      |       |       |       |       |     1 ||     1
 Abil: Evoke Invisibilit |       |       |       |     1 |       ||     1
Evoke: Wand              |       |       |       |     3 |       ||     3
  Use: Potion            |       |       |     3 |       |     2 ||     5
       Scroll            |       |       |    11 |     5 |    17 ||    33
 Stab: Sleeping          |       |     1 |     3 |     4 |     3 ||    11
       Confused          |       |       |     4 |     1 |     2 ||     7
       Invisible         |       |       |       |     2 |       ||     2
       Petrified         |       |       |       |       |     7 ||     7
       Distracted        |       |       |       |       |     1 ||     1
  Eat: Chunk             |     3 |     7 |    19 |    30 |    32 ||    91
       Royal jelly       |       |       |     1 |       |       ||     1
Armor: Robe              |    43 |    34 |   277 |   169 |   170 ||   693
Dodge: Dodged            |    78 |    46 |   313 |   336 |   427 ||  1200
       Deflected         |       |       |     1 |     1 |       ||     2
Block: Shield            |       |       |       |   337 |   834 ||  1171
